 Dungeon Crawl Stone Soup version 0.25-a0-804-g50c693f418 (webtiles) character file.

Game seed: 14899730834490860981, levelgen mode: deterministic

235357 mortelune the Bludgeoner (level 20, -13/164 HPs)
             Began as a Formicid Arcane Marksman on Apr 19, 2020.
             Was a High Priest of Cheibriados.
             Killed from afar by Margery (67 damage)
             ... with a bolt of fire
             ... on level 2 of the Vaults.
             The game lasted 02:02:43 (50935 turns).

mortelune the Bludgeoner (FoAM)                    Turns: 50935, Time: 02:02:44

Health: -13/164    AC: 33    Str: 35    XL:     20   Next: 42%
Magic:  26/26      EV:  9    Int: 28    God:    Cheibriados [*****.]
Gold:   977        SH: 25    Dex: 20    Spells: 17/23 levels left

rFire    . . .     SeeInvis +   b - +1 great mace (holy)
rCold    + . .     Gourm    .   s - +2 tower shield
rNeg     . . .     Faith    .   X - +3 gold dragon scales
rPois    +         Spirit   .   (helmet unavailable)
rElec    .         Reflect  .   B - +2 cloak
rCorr    .         Harm     .   R - +3 pair of gauntlets of War {Slay+5}
MR       ++++.                  H - +0 pair of boots (curse)
Stlth    ..........             p - amulet of the acrobat
HPRegen  0.37/turn              W - ring "Ecota" {rF- MR+ Str+2 Int+2}
MPRegen  0.20/turn              T - ring of protection from magic

@: studying Maces & Flails, very slow
A: permanent stasis, dig shafts and tunnels, four strong arms, antennae 3,
clumsy 1, low mp 1, sense surroundings 1, subdued magic 1
}: 1/15 runes: serpentine
a: Dig, Shaft Self, Bend Time, Temporal Distortion, Slouch, Step From Time,
Renounce Religion


You were on level 2 of the Vaults.
You worshipped Cheibriados.
Cheibriados was extremely pleased with you.
You were not hungry.

You visited 6 branches of the dungeon, and saw 30 of its levels.
You also visited: Sewer, Gauntlet and Ice Cave.

You collected 4101 gold pieces.
You spent 3124 gold pieces at shops.

Inventory:

Hand Weapons
 a - the +4 arbalest of Idghu {venom, rPois rN+}
   (You found it in an ice cave)

   It poisons the ammo it fires.
   It protects you from poison.
   It protects you from negative energy.
 b - a +1 great mace of holy wrath (weapon)
 Y - the +9 flail "Fioff" {vorpal, *Drain rF+ rC++ Str+3}
   (You found it on level 11 of the Dungeon)

   It inflicts extra damage upon your enemies.
   It affects your strength (+3).
   It protects you from fire.
   It greatly protects you from cold.
   It causes draining when unequipped.
Missiles
 d - 900 bolts
 e - 29 javelins (quivered)
Armour
 s - a +2 tower shield (worn)
 B - a +2 cloak (worn)
 H - a cursed +0 pair of boots (worn)
 R - the +3 pair of gauntlets of War (worn) {Slay+5}
   (You bought it in a shop on level 15 of the Dungeon)

   It affects your accuracy and damage with ranged weapons and melee attacks
   (+5).
 X - +3 gold dragon scales (worn)
 Z - the +0 chain mail "Nearuca" {MR+ Dex+3}
   (You found it on level 1 of the Lair of Beasts)

   It affects your dexterity (+3).
   It affects your resistance to hostile enchantments.
Jewellery
 p - an amulet of the acrobat (around neck)
 q - an uncursed ring of protection from cold
 C - a +4 ring of evasion
 P - an uncursed ring of positive energy
 T - a ring of protection from magic (right hand)
 V - an uncursed ring of resist corrosion
 W - the ring "Ecota" (left hand) {rF- MR+ Str+2 Int+2}
   (You found it on level 10 of the Dungeon)

   [ring of protection from magic]

   It affects your strength (+2).
   It affects your intelligence (+2).
   It makes you vulnerable to fire.
   It affects your resistance to hostile enchantments.
Wands
 l - a wand of digging (6)
 r - a wand of paralysis (26)
 A - a wand of polymorph (24)
 D - a wand of disintegration (65)
 I - a wand of acid (47)
 K - a wand of iceblast (47)
 N - a wand of scattershot (5)
Scrolls
 g - 2 scrolls of holy word
 i - 5 scrolls of fear
 m - 5 scrolls of amnesia
 t - 2 scrolls of immolation
 v - 9 scrolls of remove curse
 F - a scroll of vulnerability
 G - 4 scrolls of identify
 O - a scroll of silence
 Q - 7 scrolls of fog
 S - a scroll of brand weapon
Potions
 c - 5 potions of magic
 h - 2 potions of invisibility
 j - 4 potions of mutation
 k - 3 potions of heal wounds
 n - 3 potions of resistance
 o - 9 potions of curing
 u - 4 potions of might
 z - 4 potions of brilliance
 E - 9 potions of flight
 J - 5 potions of stabbing
 L - 4 potions of cancellation
Books
 x - a manual of Maces & Flails
Miscellaneous
 w - a phantom mirror
 y - a phial of floods
 M - a lightning rod (4/4)
Comestibles
 f - 50 rations
 U - 15 chunks of flesh


   Skills:
 + Level 15.7 Fighting
 * Level 19.2 Maces & Flails
 - Level 13.1 Crossbows
 + Level 15.5 Armour
 - Level 2.3 Dodging
 - Level 15.0 Shields
 - Level 2.1 Spellcasting
 - Level 4.1 Hexes
 - Level 13.1 Invocations


You had 17 spell levels left.
You knew the following spells:

 Your Spells              Type           Power        Failure   Level  Hunger
a - Corona                Hex            ###....      14%         1    None
b - Slow                  Hex            ###.....     22%         2    ##.....
c - Portal Projectile     Hex/Tloc       ##....       73%         3    ###....

Your spell library contained the following spells:

 Spells                   Type           Power        Failure   Level  Hunger
 Foxfire                  Conj/Fire      #...         63%         1    None
 Magic Dart               Conj           #...         63%         1    None
 Shock                    Conj/Air       #...         63%         1    None
 Sting                    Tmut/Pois      #...         63%         1    None
 Summon Small Mammal      Summ           #...         63%         1    None
 Inner Flame              Hex/Fire       ##......     73%         3    ###....
 Summon Guardian Golem    Hex/Summ       ##......     73%         3    ###....
 Call Imp                 Summ           #.......     78%         2    ##.....
 Corpse Rot               Necr/Air       N/A          78%         2    ##.....
 Passwall                 Tmut/Erth      #.......     78%         2    ##.....
 Poisonous Vapours        Pois/Air       #.....       78%         2    ##.....
 Swiftness                Chrm/Air       #.......     78%         2    ##.....
 Cause Fear               Hex            ###.......   83%         4    ####...
 Call Canine Familiar     Summ           #.......     95%         3    ###....
 Conjure Flame            Conj/Fire      #.......     95%         3    ###....
 Mephitic Cloud           Conj/Pois/Air  #.......     95%         3    ###....
 Recall                   Summ/Tloc      N/A          95%         3    ###....
 Static Discharge         Conj/Air       #.......     95%         3    ###....
 Stone Arrow              Conj/Erth      #.....       95%         3    ###....
 Leda's Liquefaction      Hex/Erth       ##........   98%         4    ####...
 Airstrike                Air            #.........   100%        4    ####...
 Animate Dead             Necr           N/A          100%        4    ####...
 Ice Form                 Ice/Tmut       #.......     100%        4    ####...
 Sticky Flame             Conj/Fire      #.......     100%        4    ####...
 Summon Ice Beast         Ice/Summ       #.......     100%        4    ####...
 Summon Lightning Spire   Summ/Air       #.......     100%        4    ####...
 Aura of Abjuration       Summ           #.........   100%        5    ######.
 Borgnjor's Vile Clutch   Necr/Erth      #.........   100%        5    ######.
 Fireball                 Conj/Fire      #.........   100%        5    ######.
 Irradiate                Conj/Tmut      #.........   100%        5    ######.
 Lightning Bolt           Conj/Air       #.........   100%        5    ######.
 Metabolic Englaciation   Hex/Ice        ##........   100%        5    ######.
 Summon Demon             Summ           #.........   100%        5    ######.
 Summon Forest            Summ/Tloc      #.........   100%        5    ######.
 Summon Mana Viper        Hex/Summ       ##......     100%        5    ######.
 Darkness                 Hex            ###.......   100%        6    #######
 Death Channel            Necr           #.........   100%        6    #######
 Eringya's Noxious Bog    Tmut/Pois      #.........   100%        6    #######
 Freezing Cloud           Conj/Ice/Air   #.........   100%        6    #######
 Hydra Form               Tmut           #.........   100%        6    #######
 Invisibility             Hex            ###.....     100%        6    #######
 Ozocubu's Refrigeration  Ice            #.........   100%        6    #######
 Shadow Creatures         Summ           N/A          100%        6    #######
 Simulacrum               Ice/Necr       #.........   100%        6    #######
 Ring of Flames           Chrm/Fire      #.........   100%        7    #######
 Summon Hydra             Summ           #.........   100%        7    #######
 Blink                    Tloc           Unusable     N/A         2    N/A

Dungeon Overview and Level Annotations

Branches:
Dungeon (15/15)            Temple (1/1) D:5            Lair (6/6) D:9
 Shoals (0/4) Lair:2        Snake (4/4) Lair:4        Slime (0/5) Lair:6
    Orc (2/2) D:12            Elf (0/3) Orc:2        Vaults (2/5) D:13
 Depths (0/5) D:15          Sewer (visited)           IceCv (visited)
Gauntlet (visited)
  Crypt: Vaults:2-3

Altars:
Ashenzari
Cheibriados
Dithmenos
Elyvilon
Fedhas
Gozag
Hepliaklqana
Kikubaaqudgha
Makhleb
Nemelex Xobeh
Okawaru
Qazlal
Ru
Sif Muna
Trog
Uskayaw
Vehumet
Wu Jian
Xom
Yredelemnul
Zin
The Shining One
Beogh

Shops:
D:6 [   D:13 *   D:15 =[[*   Orc:1 *   Orc:2 %*(:   Snake:1 :!*   Snake:3 =}=
Vaults:1 (

Annotations:
D:13 1 runed translucent door
D:14 3 runed translucent doors, Thantalas's ghost, journeyman DrCj
Lair:2 exclusion: 3 oklob plants
Vaults:2 Margery


Innate Abilities, Weirdness & Mutations

You cannot be hasted, slowed, berserked, paralysed or teleported.
You can dig through walls and to a lower floor.
Your four strong arms can wield two-handed weapons with a shield.
You have a pair of large antennae on your head. (SInv)
You are clumsy. (Dex -2)
Your magical capacity is low. (-10% MP)
You passively map a small area around you.
Your spells are a little easier to cast, but a little less powerful.


Message History

Margery is heavily wounded.
You block Margery's attack.
You hit Margery.
Margery is heavily wounded.
You hit Margery.
Margery is heavily wounded.
Margery points at you and mumbles some strange words.
The bolt of fire hits you!!!
You bludgeon Margery!!
Margery is severely wounded.
You block the hell knight's attack. Margery hits you but does no damage.
Your gold dragon scales prevents you from hitting Margery.
Margery is severely wounded.
You sock Margery!
Margery is almost dead.
The hell knight points at you and mumbles some strange words.
The bolt of fire hits you but does no damage.
Margery gestures at you while chanting. The bolt of fire hits you!!!
You die...

, , .(..# ....# ,
,.(.# * #(.# , ,
#..######### ,,
#..#.......########
#.(#.......'......#
#.@#.......#......# ,
#.p@.......#......#
,,,
,,#.p#..<....#......#
, , ,,
#..#.......#......#
......# ,
#..#.......#......#
......#
,,#..################
......# ,,, #..#
......# ,
#..##############
......#
#.(.............. ,
......# ,,
#................


You could see Margery, a hell knight and a necromancer.

Vanquished Creatures
  Vashnia (Snake:3)
  A tentacled monstrosity (Vaults:1)
  Asterion (Snake:2)
  Frances (D:14)
  Donald (Snake:4)
  6 nagarajas
  A frost giant (IceCv)
  4 vault wardens (Vaults:1)
  6 ironheart preservers
  An entropy weaver (Gauntlet)
  6 stone giants
  A minotaur (Gauntlet)
  A deep elf annihilator (Vaults:1)
  2 ettins
  2 fire dragons
  8 yaktaur captains
  2 ogre magi (Vaults:1)
  A great orb of eyes (Vaults:1)
  A vault guard (D:13)
  17 naga warriors
  Harold (D:12)
  9 hydras
  3 catoblepae (Lair:6)
  8 centaur warriors
  8 anacondas
  10 two-headed ogres
  5 death yaks
  13 shock serpents
  5 orc high priests
  22 naga sharpshooters
  2 hell knights (Vaults:2)
  2 salamander mystics (Snake:3)
  4 unseen horrors
  An unseen horror (shapeshifter) (D:15)
  2 wizards
  9 naga ritualists
  6 ironbrand convokers
  A flayed ghost (Vaults:1)
  2 deep elf archers (Vaults:1)
  7 orc knights
  A glowing orange brain (Vaults:1)
  3 deep elf magi
  A phantasmal warrior (D:12)
  4 mana vipers
  4 wolf spiders
  2 orc sorcerers
  11 cyclopes
  3 manticores
  12 ugly things
  13 salamanders
  15 slime creatures
  38 black mambas
  28 elephants
  2 ice statues
  22 naga magi
  3 guardian serpents
  A black mamba (shapeshifter) (Vaults:2)
  A water nymph (shapeshifter) (Vaults:1)
  7 vault sentinels
  A spiny frog (shapeshifter) (D:15)
  2 gargoyles
  4 spiny frogs
  4 efreet
  5 komodo dragons
  A rime drake (Gauntlet)
  A kobold demonologist (D:14)
  12 yaktaurs
  2 freezing wraiths
  The ghost of GrFlur the Ducker, an amateur DDMo (D:3)
  A meliai (shapeshifter) (Vaults:1)
  13 trolls
  2 polar bears (shapeshifter)
  22 polar bears
  2 hornets (Vaults:2)
  14 blink frogs
  18 dream sheep
  9 hippogriffs
  2 human simulacra (Vaults:1)
  A snapping turtle (Lair:2)
  Sigmund (D:3)
  A redback (Gauntlet)
  2 shadows (D:13)
  2 wyverns
  4 wraiths
  61 yaks
  A vampire (D:11)
  17 vampire mosquitoes
  4 basilisks
  4 hungry ghosts
  Menkaure (D:4)
  3 wargs
  4 acid dragons
  3 soldier ants
  3 swamp worms (Gauntlet)
  56 nagas
  11 porcupines
  14 water moccasins
  3 ice beasts
  31 orc warriors
  6 sky beasts
  A phantom (D:10)
  A black bear (Lair:2)
  A black bear (shapeshifter) (D:13)
  An eye of draining (D:13)
  8 centaurs
  2 necrophages
  21 ogres
  26 wolves
  9 boggarts
  14 crocodiles
  4 big kobolds
  20 bullfrogs
  A hornet simulacrum (D:15)
  7 scorpions
  A killer bee (shapeshifter) (D:12)
  6 killer bees
  15 wights
  An electric eel (D:9)
  4 howler monkeys
  8 crimson imps
  2 quasits
  3 bullfrog zombies
  7 jellies
  3 centaur zombies
  4 hounds
  30 orc priests
  25 orc wizards
  5 iguanas
  A bullfrog skeleton (D:5)
  5 centaur skeletons
  Terence (D:2)
  5 hell rats
  15 worker ants
  A hound zombie (D:9)
  4 hound skeletons
  2 worker ant zombies (D:5)
  A howler monkey zombie (D:7)
  3 gnolls (D:3)
  12 adders
  2 howler monkey skeletons
  3 shadow imps
  12 white imps (Orc:2)
  6 oozes
  An adder zombie (D:7)
  4 adder skeletons (D:9)
  6 worms
  4 dart slugs
  11 leopard geckos
  99 orcs
  3 ball pythons
  9 giant cockroaches
  4 hobgoblins
  5 jackals
  4 quokkas
  12 bats
  5 frilled lizards
  5 goblins
  2 kobolds
  A leopard gecko zombie (D:5)
  3 rats
  2 fungi (D:8)
1187 creatures vanquished.

Vanquished Creatures (others)
  An ogre mage (Vaults:2)
  A deep elf mage (D:13)
  A wolf (IceCv)
  A leopard gecko (D:5)
  9 fungi
  60 plants
73 creatures vanquished.

Grand Total: 1260 creatures vanquished

Notes
Turn   | Place    | Note
-------+----------+-------------------------------------------
     0 | D:1      | mortelune the Formicid Arcane Marksman began the quest for
                  | the Orb.
     0 | D:1      | Reached XP level 1. HP: 15/15 MP: 2/2
   613 | D:1      | Reached XP level 2. HP: 21/21 MP: 3/3
   951 | D:1      | Reached skill level 1 in Maces & Flails
  1106 | D:1      | Learned a level 2 spell: Slow
  1642 | D:2      | Reached XP level 3. HP: 23/26 MP: 5/5
  1959 | D:2      | Found a shadowy altar of Dithmenos.
  2218 | D:2      | Noticed Terence
  2231 | D:2      | Killed Terence
  2231 | D:2      | Reached skill level 1 in Shields
  2231 | D:2      | Reached XP level 4. HP: 28/33 MP: 4/6
  2756 | D:3      | Found a large runed translucent door.
  2756 | D:3      | Found a large runed translucent door.
  2756 | D:3      | Noticed GrFlur's ghost (amateur DDMo)
  3001 | D:3      | Reached skill level 2 in Maces & Flails
  3185 | D:3      | Found a snail-covered altar of Cheibriados.
  3507 | D:3      | Reached XP level 5. HP: 38/38 MP: 6/8
  3872 | D:3      | Noticed Sigmund
  4114 | D:3      | Became a worshipper of Cheibriados the Contemplative
  4478 | D:4      | Got a heavily runed chain mail
  4491 | D:5      | Entered Level 5 of the Dungeon
  4659 | D:5      | Reached XP level 6. HP: 39/44 MP: 9/9
  4756 | D:5      | Reached skill level 1 in Invocations
  4758 | D:5      | Noticed an ogre
  4770 | D:5      | Gained mutation: You are clumsy. (Dex -2) [potion of
                  | mutation]
  4770 | D:5      | Gained mutation: You passively map a small area around you.
                  | [potion of mutation]
  4786 | D:5      | Reached skill level 3 in Maces & Flails
  4786 | D:5      | Reached skill level 1 in Armour
  4792 | D:5      | Killed an ogre
  4934 | D:5      | Reached XP level 7. HP: 46/51 MP: 10/10
  5113 | D:5      | Reached * piety under Cheibriados
  5182 | D:5      | Found a radiant altar of Vehumet.
  5267 | D:5      | Reached skill level 4 in Maces & Flails
  5283 | D:5      | Found a staircase to the Ecumenical Temple.
  5293 | Temple   | Entered the Ecumenical Temple
  6660 | D:4      | Reached XP level 8. HP: 57/60 MP: 11/11
  6807 | D:4      | Reached skill level 5 in Maces & Flails
  6816 | D:4      | Noticed Menkaure
  6822 | D:4      | Killed Menkaure
  7069 | D:4      | Reached ** piety under Cheibriados
  7399 | D:6      | Found a glowing drain.
  7457 | Sewer    | Entered a sewer
  7869 | Sewer    | Reached *** piety under Cheibriados
  8671 | D:6      | Reached skill level 6 in Maces & Flails
  8871 | D:6      | Found Jateqent's Armour Shop.
  8875 | D:6      | Bought a +0 pair of gloves for 63 gold pieces
  8934 | D:6      | Reached XP level 9. HP: 64/67 MP: 12/12
  9237 | D:6      | Found an ancient bone altar of Kikubaaqudgha.
  9405 | D:6      | Found a white marble altar of Elyvilon.
  9406 | D:6      | Found a sparkling altar of Nemelex Xobeh.
  9613 | D:6      | Reached skill level 5 in Fighting
  9838 | D:7      | Noticed a hippogriff
  9846 | D:7      | Killed a hippogriff
  9846 | D:7      | Reached skill level 5 in Invocations
 10006 | D:7      | Reached **** piety under Cheibriados
 10006 | D:7      | Reached skill level 7 in Maces & Flails
 10301 | D:7      | Reached skill level 5 in Armour
 11259 | D:8      | Noticed a hippogriff
 11259 | D:8      | Noticed a two-headed ogre
 11277 | D:7      | Killed a hippogriff
 11550 | D:8      | Found a blossoming altar of Fedhas.
 11579 | D:8      | Reached XP level 10. HP: 74/76 MP: 14/14
 11710 | D:7      | Reached skill level 8 in Maces & Flails
 11954 | D:8      | Killed a two-headed ogre
 12496 | D:8      | Identified the +2 chain mail "Poixyd" {Dex+4} (You found it
                  | on level 4 of the Dungeon)
 12610 | D:8      | Found a bloodstained altar of Trog.
 12611 | D:8      | Found an iron altar of Okawaru.
 12621 | D:8      | Reached ***** piety under Cheibriados
 12932 | D:9      | Reached skill level 9 in Maces & Flails
 13600 | D:9      | Noticed a komodo dragon
 13612 | D:9      | Killed a komodo dragon
 13885 | D:9      | Reached XP level 11. HP: 83/84 MP: 16/16
 14146 | D:9      | Found a staircase to the Lair.
 14177 | D:9      | Found a hazy altar of Hepliaklqana.
 14183 | D:9      | Reached skill level 10 in Maces & Flails
 14592 | D:3      | Killed Sigmund
 14753 | D:3      | Killed GrFlur's ghost
 14851 | D:6      | Bought a +2 leather armour of fire resistance for 266 gold
                  | pieces
 14939 | D:10     | Entered Level 10 of the Dungeon
 14940 | D:10     | Noticed an unseen horror
 15179 | D:10     | Killed an unseen horror
 15233 | D:10     | Found a shadowy altar of Dithmenos.
 15343 | D:10     | Reached skill level 5 in Shields
 15567 | D:10     | Got a serpentine brass ring
 16190 | D:11     | Noticed a red ugly thing
 16205 | D:11     | Killed a red ugly thing
 16208 | D:11     | Identified the ring "Ecota" {rF- MR+ Str+2 Int+2} (You
                  | found it on level 10 of the Dungeon)
 16240 | D:11     | Reached skill level 11 in Maces & Flails
 16240 | D:11     | Reached ****** piety under Cheibriados
 16240 | D:11     | Reached XP level 12. HP: 83/94 MP: 18/18
 16481 | D:11     | Noticed a two-headed ogre
 16492 | D:11     | Killed a two-headed ogre
 16625 | D:11     | Found a shattered altar of Ashenzari.
 16651 | D:11     | Noticed an unseen horror
 16665 | D:11     | Killed an unseen horror
 16685 | D:11     | Got a faintly glowing flail
 16686 | D:11     | Identified the +9 flail "Fioff" {vorpal, *Drain rF+ rC++
                  | Str+3} (You found it on level 11 of the Dungeon)
 17092 | Lair:1   | Entered Level 1 of the Lair of Beasts
 17157 | Lair:1   | Got a steaming chain mail
 17161 | Lair:1   | Found a gate leading to a gauntlet.
 17171 | Gauntlet | Entered a Gauntlet
 17171 | Gauntlet | Found a transporter.
 17171 | Gauntlet | Found a transporter.
 17190 | Gauntlet | Found a transporter.
 17194 | Gauntlet | Found a transporter.
 17202 | Gauntlet | Found a transporter.
 17206 | Gauntlet | Found a transporter.
 17209 | Gauntlet | Noticed an entropy weaver
 17215 | Gauntlet | Found a transporter.
 17230 | Gauntlet | Found a transporter.
 17246 | Gauntlet | Found a transporter.
 17250 | Gauntlet | Found a transporter.
 17252 | Gauntlet | Found a runed translucent gate.
 17252 | Gauntlet | Found a runed translucent gate.
 17252 | Gauntlet | Found a runed translucent gate.
 17258 | Gauntlet | Found a transporter.
 17262 | Gauntlet | Found a transporter.
 17662 | Gauntlet | Got a warped bronze amulet
 17752 | Gauntlet | Identified the amulet "Bithuha" {Gourm rC+ Int+4} (You
                  | found it in a Gauntlet)
 17763 | Gauntlet | Identified the cursed +0 chain mail "Nearuca" {MR+ Dex+3}
                  | (You found it on level 1 of the Lair of Beasts)
 17816 | Gauntlet | Killed an entropy weaver
 17831 | Gauntlet | Got a pair of steaming gloves
 17842 | Gauntlet | Identified the +3 pair of gloves "Keogannaff" {rPois MR-
                  | Str+3 Int+2} (You found it in a Gauntlet)
 17912 | Gauntlet | Noticed a minotaur
 17934 | Gauntlet | Killed a minotaur
 17934 | Gauntlet | Reached skill level 12 in Maces & Flails
 18296 | Lair:1   | Reached skill level 10 in Invocations
 18324 | Lair:1   | Noticed a six-headed hydra
 18335 | Lair:1   | Killed a six-headed hydra
 18335 | Lair:1   | Reached XP level 13. HP: 69/101 MP: 20/20
 19633 | Lair:2   | Found a staircase to the Shoals.
 20838 | Lair:2   | Reached skill level 10 in Fighting
 21191 | Lair:3   | Noticed a seven-headed hydra
 21216 | Lair:3   | Killed a seven-headed hydra
 21730 | Lair:3   | Noticed a seven-headed hydra
 22017 | Lair:3   | Got a crude ring mail
 22028 | Lair:3   | Identified the +2 ring mail of the Stallion {+Blink} (You
                  | found it on level 3 of the Lair of Beasts)
 22157 | Lair:3   | Reached skill level 10 in Armour
 22167 | Lair:3   | Killed a seven-headed hydra
 22167 | Lair:3   | Reached skill level 13 in Maces & Flails
 23577 | Lair:4   | Noticed a four-headed hydra
 23584 | Lair:4   | Killed a four-headed hydra
 23809 | Lair:4   | Found a staircase to the Snake Pit.
 23995 | Lair:5   | Reached XP level 14. HP: 90/111 MP: 16/22
 24636 | Lair:5   | Got a pitted fustibalus
 24642 | Lair:5   | Identified the +6 fustibalus of Wippaq {vorpal, rF+ rC+}
                  | (You found it on level 5 of the Lair of Beasts)
 25209 | Lair:6   | Entered Level 6 of the Lair of Beasts
 25393 | Lair:6   | Reached skill level 14 in Maces & Flails
 25412 | Lair:6   | Reached skill level 10 in Shields
 25866 | Lair:6   | Found a staircase to the Slime Pits.
 26429 | Lair:6   | Reached XP level 15. HP: 49/119 MP: 24/24
 29046 | D:12     | Found a staircase to the Orcish Mines.
 29107 | D:12     | Found a roughly hewn altar of Beogh.
 29147 | D:12     | Found a runed translucent door.
 29166 | D:12     | Reached skill level 15 in Maces & Flails
 29326 | Orc:1    | Entered Level 1 of the Orcish Mines
 29326 | Orc:1    | Noticed Harold
 29338 | D:12     | Killed Harold
 29412 | Orc:1    | Noticed a stone giant
 29805 | D:12     | Killed a stone giant
 30217 | Orc:1    | Found Gzaiss's Goods Gallery.
 30232 | Orc:1    | Bought +0 gold dragon scales for 1040 gold pieces
 30232 | Orc:1    | Bought a +0 great mace of holy wrath for 178 gold pieces
 30298 | Orc:2    | Entered Level 2 of the Orcish Mines
 30298 | Orc:2    | Found a roughly hewn altar of Beogh.
 30401 | Orc:2    | Found a staircase to the Elven Halls.
 30474 | Orc:2    | Found a frozen archway.
 30516 | IceCv    | Entered an ice cave
 31282 | IceCv    | Noticed a frost giant
 31304 | IceCv    | Killed a frost giant
 31304 | IceCv    | Reached XP level 16. HP: 85/129 MP: 25/25
 31468 | IceCv    | Identified Ihaymiukh's Grimoire of Bewitchment and
                  | Transformation
 31481 | IceCv    | Identified the +4 arbalest of Idghu {venom, rPois rN+} (You
                  | found it in an ice cave)
 31503 | IceCv    | Identified the +2 leather armour "Nolosse" {rC+ rCorr} (You
                  | found it in an ice cave)
 32465 | Orc:2    | Found Tumuduxa's General Store.
 32466 | Orc:2    | Found Beogh's Food Shop.
 32657 | Orc:1    | Learned a level 3 spell: Portal Projectile
 33167 | Orc:2    | Gained mutation: Your spells are a little easier to cast,
                  | but a little less powerful. [a neqoxec]
 33178 | Orc:2    | Gained mutation: Your magical capacity is low. (-10% MP) [a
                  | neqoxec]
 33351 | Orc:2    | Found Vutoajir's Book Boutique.
 33358 | Orc:2    | Found Ximudaeg's Weapon Boutique.
 34163 | Orc:2    | Bought a potion of invisibility for 80 gold pieces
 34165 | Orc:2    | Bought a scroll of acquirement for 520 gold pieces
 34223 | D:13     | Found a gate to the Vaults.
 34927 | D:13     | Found a runed translucent door.
 34997 | D:13     | Reached skill level 16 in Maces & Flails
 35087 | D:13     | Identified the cursed +0 hand axe "Waputz" {drain, *Slow
                  | MR+++ Int+9}
 35120 | D:13     | Reached skill level 5 in Crossbows
 35630 | D:13     | Found Fuijaeng's Assorted Antiques.
 35909 | D:13     | Found a runed translucent door.
 35909 | D:13     | Found a runed translucent door.
 36321 | D:14     | Noticed Frances
 36336 | D:14     | Killed Frances
 36813 | D:14     | Found an ancient bone altar of Kikubaaqudgha.
 36813 | D:14     | Noticed a lich
 36813 | D:14     | Noticed Thantalas's ghost (journeyman DrCj)
 36813 | D:14     | Noticed a lich
 36813 | D:14     | Noticed a lich
 36814 | D:14     | Found a runed translucent gate.
 36814 | D:14     | Found a runed translucent gate.
 36814 | D:14     | Found a runed translucent gate.
 36814 | D:14     | Noticed a lich
 36984 | D:14     | Reached XP level 17. HP: 126/136 MP: 24/24
 37235 | D:15     | Entered Level 15 of the Dungeon
 37422 | D:15     | Found Girhan's Armour Shop.
 37533 | D:15     | Found Bepniozo's Armour Boutique.
 37575 | D:15     | Found Seckengu's Jewellery Shop.
 38420 | D:15     | Found a staircase to the Depths.
 38596 | D:15     | Found Naecuch's Assorted Antiques.
 38658 | D:15     | Identified the amulet "Bexoaq" {Gourm rC+} (You acquired it
                  | on level 15 of the Dungeon)
 38686 | D:15     | Bought the +3 pair of gauntlets of War {Slay+5} for 665
                  | gold pieces
 38686 | D:15     | Found the +3 pair of gauntlets of War {Slay+5}
 38928 | Snake:1  | Entered Level 1 of the Snake Pit
 39549 | Snake:1  | Found Kehikikk's Distillery.
 39588 | Snake:1  | Bought a potion of invisibility for 96 gold pieces
 39588 | Snake:1  | Bought a potion of might for 48 gold pieces
 39588 | Snake:1  | Bought a potion of resistance for 120 gold pieces
 39588 | Snake:1  | Bought a potion of might for 48 gold pieces
 39653 | Snake:1  | Found Loruhaf's Book Boutique.
 39736 | Snake:1  | Found Qos Enu's General Store.
 39866 | Snake:1  | Found a sparkling altar of Nemelex Xobeh.
 40499 | Snake:2  | Noticed Asterion
 40505 | Snake:2  | Killed Asterion
 41790 | Snake:3  | Reached XP level 18. HP: 82/146 MP: 25/25
 42030 | Snake:3  | Noticed Vashnia
 42057 | Snake:3  | Reached skill level 10 in Crossbows
 42253 | Snake:3  | Killed Vashnia
 42444 | Snake:3  | Found Isac Ebb's Jewellery Shoppe.
 42444 | Snake:3  | Found Rostokumea's Gadget Shop.
 42445 | Snake:3  | Found Ruqumaor's Jewellery Shoppe.
 44880 | Snake:4  | Entered Level 4 of the Snake Pit
 45394 | Snake:4  | Identified the +3 broad axe of Ylomaodu {holy, +Blink +Fly
                  | rPois Dex-5} (You found it on level 4 of the Snake Pit)
 45486 | Snake:4  | Noticed Donald
 45492 | Snake:4  | Killed Donald
 45817 | Snake:4  | Reached XP level 19. HP: 130/153 MP: 25/25
 46143 | Snake:3  | HP: 7/154 [poisoned by a naga mage (poison arrow)]
 46150 | Snake:3  | HP: 7/154 [poisoned by a naga mage (poison arrow)]
 46156 | Snake:3  | HP: 7/154 [poisoned by a naga mage (poison arrow)]
 46603 | Snake:4  | Reached skill level 17 in Maces & Flails
 47173 | Snake:4  | Got a serpentine rune of Zot
 47699 | Vaults:1 | Entered Level 1 of the Vaults
 47719 | Vaults:1 | Reached skill level 15 in Fighting
 48098 | Vaults:1 | Reached skill level 15 in Shields
 48430 | Vaults:1 | Reached skill level 15 in Armour
 48630 | Vaults:1 | Reached skill level 18 in Maces & Flails
 49145 | Vaults:1 | Reached XP level 20. HP: 162/162 MP: 26/26
 49370 | Vaults:1 | Found Iruo's Weapon Shop.
 49665 | Vaults:1 | Noticed a tentacled monstrosity
 49671 | Vaults:1 | Killed a tentacled monstrosity
 50217 | Vaults:2 | Noticed Margery
 50585 | Vaults:2 | Reached skill level 19 in Maces & Flails
 50935 | Vaults:2 | Killed from afar by Margery

Levels and vault maps discovered:
D:1:      kennysheep_arrival_seaside, layout_loops_ring
D:2:      minmay_chambers_of_ones, layout_loops_ring,
          nicolae_overflow_crystal_walls, minmay_tree_intersection,
          moated_statue, hangedman_decor_riveting, uniq_terence
D:3:      layout_rooms, kennysheep_slug_shrine, ebering_ghost_disaster_area,
          serial_corexii_hall, corexii_hall_statues_l, corexii_hall_statues_l,
          kennysheep_generic_room_16, uniq_sigmund
D:4:      layout_gridville, first_ration, minmay_misc_feat_plants, uniq_menkaure
D:5:      layout_loops_ring, fiery_altar_vehumet,
          minmay_temple_entry_statues_pillars
D:6:      layout_basic, gammafunk_temple_overflow_pools, lemuel_round_altar,
          serial_shops, shop_statue, gup_sewer_entry_pipe
D:7:      layout_loops_corners, kennysheep_generic_room_7
D:8:      layout_loops_corners, grunt_temple_overflow_bloody_war, fedhas_altar_3
D:9:      layout_roguey, david_lair_shrubbed, grunt_ogre_cave,
          kennysheep_flooded_box
D:10:     layout_small_grid, nicolae_benzene_ring,
          nicolae_dithmenos_through_a_glass_darkly
D:11:     layout_roguey, ashenzari_altar_1
D:12:     layout_cave_pools, minmay_orc_entry_temple_small, serial_glass,
          glass_columns_b, glass_columns_b, glass_columns_b, glass_columns_b,
          glass_columns_a, kennysheep_treasure_room
D:13:     minmay_the_grid_triangle_9x9_rhombus_full_mashed
          [minmay_the_grid_triangle_9x9_skeleton,
          minmay_the_grid_triangle_9x9_negative_grid,
          minmay_the_grid_triangle_9x9_from_above,
          minmay_the_grid_triangle_9x9_subtriangle,
          minmay_the_grid_triangle_9x9_sprig,
          minmay_the_grid_triangle_9x9_tough_junction,
          minmay_the_grid_triangle_9x9_windchime,
          minmay_the_grid_triangle_9x9_prize_top_heavy], layout_basic,
          david_vaults_5, serial_shops, shop_fountains,
          chequers_serial_rivers_small_b
D:14:     layout_stronghold, serial_bayou_pond_c, gammafunk_ghost_crypt,
          uniq_frances
D:15:     grunt_enter_depths_snipers, layout_loops_ring, serial_shops, shop,
          nicolae_shop_behind_doors, nicolae_shop_trees,
          nicolae_shop_statue_plus
Temple:   nicolae_temple_figure_eight
Lair:1:   layout_loops_ring, gauntlet_entry_generic,
          chequers_serial_rivers_small_3
Lair:2:   layout_long_grid, minmay_shoals_entry_hut, minmay_lair_oklob_chamber
Lair:3:   layout_chaotic_city, patterned_corridor, grunt_megastairs_5
Lair:4:   layout_gridlike, minmay_snake_entry_guardpost_medium,
          lemuel_fruit_tree
Lair:5:   layout_concentric_octagons, mumra_transporter_accident,
          serial_bayou_shore_a
Lair:6:   evilmike_catoblepas_cave, layout_regular_city,
          nicolae_slime_entry_slimehenge, serial_bayou_shore_b
Snake:1:  layout_cave_shapes, basic_altar, special_room, serial_shops,
          nicolae_shop_window_shopping, shop_statue, shop
Snake:2:  layout_misc_corridors, uniq_asterion
Snake:3:  layout_grid_maze, minmay_shop_grove, uniq_vashnia
Snake:4:  snake_pit, layout_cave_town, grunt_megastairs_4, uniq_donald
Orc:1:    layout_caves, nicolae_alphabet_shops, uniq_harold
Orc:2:    st_orc_mages, layout_caves, portal_ice_cave_entry_imps, basic_altar
Vaults:1: dpeg_vaults_monster_row, v_misc_3,
          nicolae_vaults_windows_and_doors_thing, v_pattern_5,
          hangedman_vaults_impose, grunt_vaults_trifunnel, v_misc_24,
          hangedman_vaults_impose, nicolae_vaults_network_quincunx
          [nicolae_vaults_network_quincunx_subvault,
          nicolae_vaults_network_quincunx_subvault,
          nicolae_vaults_network_quincunx_subvault,
          nicolae_vaults_network_quincunx_subvault,
          nicolae_vaults_network_quincunx_subvault], vaults_room_pools,
          v_alt_pattern_3, v_misc_8, st_spiral_rooms,
          nicolae_vaults_shelves_hall, layout_vaults_maze, serial_shops, shop
Vaults:2: nicolae_vaults_ring_of_whatevers, v_misc_17,
          hangedman_vaults_restitches, vaults_room_stairs_pillars,
          nicolae_vaults_mini_display_case, nicolae_vaults_little_ls,
          layout_vaults_omnigrid, uniq_margery, uniq_saint_roka

Skill      XL: |  1  2  3  4  5  6  7  8  9 10 11 12 13 14 15 16 17 18 19 20 |
---------------+-------------------------------------------------------------+-----
Maces & Flails | 1 2 3 4 6 7 9 11 12 13 14 15 16 18 19 | 19.2
Dodging        | 2 |  2.3
Shields        | 1 2 3 5 7 9 10 11 12 13 14 15 | 15.0
Hexes          | 4 |  4.1
Spellcasting   | 2 |  2.1
Fighting       | 2 3 4 6 7 8 9 10 11 12 13 14 15 | 15.7
Invocations    | 2 3 4 6 7 9 10 11 12 13 | 13.1
Armour         | 1 2 4 5 7 8 9 10 11 12 13 14 15 | 15.5
Crossbows      | 6 9 11 12 13 | 13.1

Action                   |  1- 3 |  4- 6 |  7- 9 | 10-12 | 13-15 | 16-18 | 19-21 || total
-------------------------+-------+-------+-------+-------+-------+-------+-------++-------
Melee: Mace              |    56 |   110 |       |       |       |       |       ||   166
       Flail             |       |    20 |   107 |    92 |    84 |       |       ||   303
       Morningstar       |       |       |   353 |   403 |  1073 |       |       ||  1829
       Great mace        |       |       |       |       |   230 |  1074 |   437 ||  1741
 Fire: Hand crossbow     |    22 |    44 |    28 |    19 |    72 |       |       ||   185
       Arbalest          |       |       |       |       |       |   288 |   147 ||   435
Throw: Javelin           |       |       |       |       |     2 |       |       ||     2
 Cast: Corona            |    10 |     7 |     2 |       |       |       |       ||    19
       Slow              |     2 |       |       |       |       |       |       ||     2
Invok: Slouch            |       |       |       |     6 |     8 |    14 |     7 ||    35
       Step From Time    |       |       |       |       |     2 |       |     3 ||     5
 Abil: Dig               |       |     1 |     4 |     2 |    13 |     6 |     2 ||    28
Evoke: Wand              |       |       |       |       |     5 |     2 |       ||     7
  Use: Scroll            |     4 |     1 |     4 |    11 |    14 |    11 |     2 ||    47
       Potion            |       |     9 |     1 |       |     4 |       |     2 ||    16
 Stab: Distracted        |       |       |     1 |       |       |       |       ||     1
  Eat: Chunk             |     2 |     5 |     9 |    12 |    42 |    13 |     4 ||    87
       Ration            |     1 |     1 |     1 |     1 |     2 |     2 |     2 ||    10
Armor: Robe              |    11 |       |       |       |       |       |       ||    11
       Ring mail         |     5 |    36 |   120 |     4 |       |       |       ||   165
       Skin              |       |    13 |       |       |       |       |       ||    13
       Chain mail        |       |       |       |   123 |    67 |       |       ||   190
       Plate armour      |       |       |       |       |   240 |       |       ||   240
       Gold dragon scale |       |       |       |       |   147 |   448 |   156 ||   751
Dodge: Dodged            |    52 |    96 |   373 |   147 |   394 |   497 |   148 ||  1707
Block: Buckler           |     7 |    31 |   105 |    13 |       |       |       ||   156
       Tower shield      |       |       |       |   418 |  1706 |  1852 |   629 ||  4605

Table legend:
 A = Non-vault XP
 B = Vault XP
 C = Vault XP percentage of total XP
 D = Non-vault monster count
 E = Vault monster count
 F = Vault count percentage of total count
                 A         B        C        D         E       F
            +---------+---------+-------+---------+---------+-------
      Total |  232563 |  135831 |  36.9 |     832 |     354 |  29.8
            +---------+---------+-------+---------+---------+-------
        D:1 |      24 |       0 |   0.0 |      12 |       0 |   0.0
        D:2 |      16 |      48 |  75.0 |       8 |       6 |  42.9
        D:3 |     125 |     581 |  82.3 |      11 |       6 |  35.3
        D:4 |     458 |     172 |  27.3 |      19 |       1 |   5.0
        D:5 |     810 |       0 |   0.0 |      27 |       0 |   0.0
        D:6 |     457 |      23 |   4.8 |      14 |       9 |  39.1
        D:7 |    1616 |      18 |   1.1 |      20 |       1 |   4.8
        D:8 |    1301 |     133 |   9.3 |      10 |       1 |   9.1
        D:9 |    3860 |     483 |  11.1 |      37 |       2 |   5.1
       D:10 |    4480 |       0 |   0.0 |      28 |       0 |   0.0
       D:11 |    8155 |     215 |   2.6 |      43 |       6 |  12.2
       D:12 |    3596 |    2814 |  43.9 |      17 |      11 |  39.3
       D:13 |   10257 |   11532 |  52.9 |      46 |      26 |  36.1
       D:14 |    9064 |    2236 |  19.8 |      45 |       1 |   2.2
       D:15 |   10299 |    2516 |  19.6 |      22 |       3 |  12.0
     Lair:1 |    4960 |       0 |   0.0 |      22 |       0 |   0.0
     Lair:2 |    4739 |     823 |  14.8 |      25 |       5 |  16.7
     Lair:3 |    6177 |       0 |   0.0 |      20 |       0 |   0.0
     Lair:4 |    5357 |    1113 |  17.2 |      13 |       7 |  35.0
     Lair:5 |   11987 |       0 |   0.0 |      39 |       0 |   0.0
     Lair:6 |   14413 |   10413 |  41.9 |      43 |      28 |  39.4
    Snake:1 |    8242 |       0 |   0.0 |      16 |       0 |   0.0
    Snake:2 |   19417 |    2479 |  11.3 |      37 |       1 |   2.6
    Snake:3 |   37662 |   11254 |  23.0 |      68 |       8 |  10.5
    Snake:4 |   14640 |   27854 |  65.5 |      28 |      40 |  58.8
      Orc:1 |    4915 |    1058 |  17.7 |      52 |       5 |   8.8
      Orc:2 |    5607 |    4797 |  46.1 |      32 |      48 |  60.0
   Vaults:1 |   21106 |   32498 |  60.6 |      42 |      46 |  52.3
   Vaults:2 |   18823 |    4328 |  18.7 |      36 |       7 |  16.3
      Sewer |       0 |      81 | 100.0 |       0 |      24 | 100.0
      IceCv |       0 |   13598 | 100.0 |       0 |      53 | 100.0
   Gauntlet |       0 |    4764 | 100.0 |       0 |       9 | 100.0
            +---------+---------+-------+---------+---------+-------
